 Seeded DCSS version 0.30.1-3-gfc49f6343a (webtiles) character file.

Game seed: 6351066067085065685 (custom seed)

7059 Esekla the Thaumaturge (level 10, 0/52 HPs)
             Began as a Deep Elf Necromancer on Aug 10, 2023.
             Was a Priest of Vehumet.
             Constricted to death by Harold (9 damage)
             ... on level 9 of the Dungeon.
             The game lasted 01:00:31 (9193 turns).

Esekla the Thaumaturge (Deep Elf Necromancer)       Turns: 9193, Time: 01:00:32

Health: 0/52       AC:  9    Str:  5    XL:     10   Next: 83%
Magic:  25/36      EV:  5    Int: 25    God:    Vehumet [***...]
Gold:   643        SH:  0    Dex: 18    Spells: 21/32 levels left

rFire   . . .        s - +5 rapier of the Hero {heavy, rN+ Dex+3}
rCold   . . .        H - +0 buckler
rNeg    + . .        h - +0 steam dragon scales
rPois   .            u - +1 helmet
rElec   .            G - +0 cloak
rCorr   .            k - +0 pair of gloves
SInv    .            (no boots)
Will    +....        z - amulet of magic regeneration
Stlth   +++          N - ring of magical power
HPRegen 0.28/turn    (no ring)
MPRegen 0.65/turn

%: no passive effects
@: grasped by roots, held, constricted, studying Fighting
A: no striking features
a: Renounce Religion


You were on level 9 of the Dungeon.
You worshipped Vehumet.
Vehumet was most pleased with you.
You visited 1 branch of the dungeon, and saw 9 of its levels.
You also visited: Bailey.

You collected 643 gold pieces.

Inventory:

Hand Weapons
 c - a +4 scimitar
 r - a +4 trident of venom
 s - the +5 rapier of the Hero (weapon) {heavy, rN+ Dex+3}
   (You found it on level 3 of the Dungeon)

   Dex:       It affects your dexterity (+3).
   rN:        It protects you from negative energy.
Missiles
 w - 4 throwing nets
 E - 28 poisoned darts (quivered)
 J - 4 curare-tipped darts
 M - 3 boomerangs
Armour
 h - +0 steam dragon scales (worn)
 k - a +0 pair of gloves (worn)
 u - a +1 helmet (worn)
 G - a +0 cloak (worn)
 H - a +0 buckler (worn)
Jewellery
 z - an amulet of magic regeneration (around neck)
 N - a ring of magical power (left hand)
Wands
 a - a wand of roots (10)
 D - a wand of flame (7)
 L - a wand of mindburst (9)
Scrolls
 e - 5 scrolls of blinking
 l - a scroll of immolation {unknown}
 m - a scroll of torment {unknown}
 o - 2 scrolls of fog
 t - a scroll of enchant armour {unknown}
 v - a scroll of summoning {unknown}
 x - a scroll of silence {unknown}
 y - 3 scrolls of enchant weapon {unknown}
 A - a scroll of magic mapping {unknown}
 C - 3 scrolls of fear
 F - 2 scrolls of teleportation
 I - 3 scrolls of noise {unknown}
 K - 2 scrolls of poison
 O - a scroll of acquirement
Potions
 b - a potion of magic
 d - 3 potions of ambrosia
 f - 6 potions of attraction {unknown}
 g - 4 potions of haste
 i - a potion of mutation
 j - 2 potions of curing
 n - 3 potions of brilliance
 B - 2 potions of lignification {unknown}


   Skills:
 * Level 1.3 Fighting
 + Level 5.1(5.2) Short Blades
 + Level 1.2(3.2) Long Blades
 + Level 3.4 Throwing
 * Level 6.9 Dodging
 + Level 4.8 Stealth
 * Level 2.6 Shields
 * Level 11.6 Spellcasting
 * Level 4.3 Conjurations
 * Level 10.1 Necromancy
 * Level 5.2 Translocations
 * Level 2.6 Air Magic
 + Level 0.7 Evocations


You had 21 spell levels left.
You knew the following spells:

 Your Spells              Type           Power      Damage    Failure   Level
a - Magic Dart            Conj           100%       1d8       1%          1
b - Stone Arrow           Conj/Erth      50%        3d10      2%          3
d - Vampiric Draining     Necr           60%        2d10      1%          3
e - Shock                 Conj/Air       100%       1d9       1%          1
t - Teleport Other        Tloc           40%        N/A       2%          3

Your spell library contained the following spells:

 Spells                   Type           Power      Damage    Failure   Level
 Necrotise                Necr           100%       1d9       1%          1
 Lesser Beckoning         Tloc           80%        N/A       1%          2
 Momentum Strike          Conj/Tloc      76%        3d10      1%          2
 Animate Dead             Necr           60%        N/A       1%          4
 Gell's Gravitas          Tloc           40%        N/A       2%          3
 Agony                    Necr           60%        N/A       3%          5
 Spider Form              Tmut/Pois      14%        N/A       22%         3
 Cause Fear               Hex            7%         N/A       58%         4
 Summon Mana Viper        Hex/Summ       14%        N/A       91%         5


Dungeon Overview and Level Annotations

Branches:
Dungeon (9/15)             Temple (0/1) D:6          Bailey (visited)
   Lair: D:8-11         Orc: D:9-12

Altars:
Dithmenos
Fedhas
Hepliaklqana
Nemelex Xobeh
Okawaru
Qazlal
Trog
Uskayaw
Vehumet
Zin
The Shining One

Shops:
D:2 =   D:4 (

Annotations:
D:9 Harold


Message History

You draw life force from Harold!
You feel life coursing into your body.
Harold says happily, "The price on your head will fill my nest egg nicely!"
Harold hits you with a +0 battleaxe! The grasping roots constrict you.
Casting: Vampiric Draining (safe; 1% risk of failure)
Confirm with . or Enter, or press ? or * to list all spells.
Aiming: Vampiric Draining (safe; 1% risk of failure)
Press: ? - help, Shift-Dir - straight line, f/p - Harold
Aim: Harold, wielding a +0 battleaxe, wearing a +0 chain mail, quivering a throwing net and carrying a wand of roots (6) (moderately wounded)
You draw life force from Harold!
You feel life coursing into your body! Harold hits you with a +0 battleaxe!
* * * LOW HITPOINT WARNING * * *
The grasping roots constrict you!
* * * LOW HITPOINT WARNING * * *
Casting: Vampiric Draining (safe; 1% risk of failure)
Confirm with . or Enter, or press ? or * to list all spells.
Okay, then.
You feel much better. Harold hits you with a +0 battleaxe.
The grasping roots constrict you.
* * * LOW HITPOINT WARNING * * *
Casting: Vampiric Draining (safe; 1% risk of failure)
Confirm with . or Enter, or press ? or * to list all spells.
Aiming: Vampiric Draining (safe; 1% risk of failure)
Press: ? - help, Shift-Dir - straight line, f/p - Harold
Aim: Harold, wielding a +0 battleaxe, wearing a +0 chain mail, quivering a throwing net and carrying a wand of roots (6) (heavily wounded)
You draw life force from Harold!
You feel life coursing into your body. Harold hits you with a +0 battleaxe!
* * * LOW HITPOINT WARNING * * *
The grasping roots constrict you.
* * * LOW HITPOINT WARNING * * *
The grasping roots release their grip on you.
Casting: Vampiric Draining (safe; 1% risk of failure)
Confirm with . or Enter, or press ? or * to list all spells.
Aiming: Vampiric Draining (safe; 1% risk of failure)
Press: ? - help, Shift-Dir - straight line, f/p - Harold
Aim: Harold, wielding a +0 battleaxe, wearing a +0 chain mail, quivering a throwing net and carrying a wand of roots (6) (severely wounded)
You draw life force from Harold!
You feel life coursing into your body.
Harold zaps a wand.
The roots erupt in riotous growth!
The grasping roots grab you!
Harold is unaffected.
The grasping roots constrict you!
You die...

#......######...#
......... .....#
####..... ......######
...#.................#
...#......# #.....#
...#......# #.....#
####......# #.....#
..##......# #@....#
♣.##......######@....#
..##......[..........#
♣.#..................#
..########...........#
###......#..........?#
.........#...........#
.........#....########
........##)...#
........#.....#


You could see Harold.

Vanquished Creatures
  2 two-headed ogres
  Pikel (D:6)
  2 orc knights (Bailey)
  Joseph (D:7)
  2 steam dragons
  2 wyverns
  Menkaure (D:7)
  An ice beast (D:6)
  7 orc warriors (Bailey)
  2 black bears
  2 ogres
  A centaur (D:7)
  A phantom (D:7)
  A lemure (D:7)
  Blork the orc (D:6)
  3 kobold brigands
  3 gnoll sergeants
  A bullfrog (D:7)
  2 scorpions (D:5)
  3 wights (D:7)
  5 killer bees (D:9)
  2 quasits (D:8)
  2 gnoll boudas
  6 hounds
  A jelly (D:6)
  Crazy Yiuf (D:7)
  4 orc priests
  A sleepcap (D:5)
  5 iguanas
  6 orc wizards
  27 gnolls
  9 adders
  3 shadow imps
  6 white imps
  4 ufetubi
  A worm (D:4)
  3 dart slugs
  45 orcs
  6 ball pythons
  4 endoplasms
  9 goblins
  7 hobgoblins
  A quokka (D:1)
  4 bats
  4 frilled lizards
  14 kobolds
  A rat (D:2)
220 creatures vanquished.

Vanquished Creatures (others)
  3 orcs (D:8)
3 creatures vanquished.

Grand Total: 223 creatures vanquished

Notes
Turn   | Place    | Note
-------+----------+-------------------------------------------
     0 | D:1      | Esekla the Deep Elf Necromancer began the quest for the
                  | Orb.
     0 | D:1      | Reached XP level 1. HP: 10/10 MP: 6/6
   153 | D:1      | Reached skill level 5 in Necromancy
   349 | D:4      | Found an iron altar of Okawaru.
   411 | D:4      | Found a glowing silver altar of Zin.
   431 | D:4      | Found a radiant altar of Vehumet.
   523 | D:3      | Reached XP level 2. HP: 14/15 MP: 8/8
   604 | D:3      | Identified the +5 rapier of the Hero {heavy, rN+ Dex+3}
   692 | D:2      | Found Renulab's Jewellery Shop.
   793 | D:1      | Reached XP level 3. HP: 19/19 MP: 9/9
   797 | D:1      | Learned a level 3 spell: Vampiric Draining
  1143 | D:2      | Noticed a black bear
  1151 | D:2      | Reached skill level 1 in Short Blades
  1169 | D:2      | Found a faded altar of an unknown god.
  1204 | D:2      | Reached XP level 4. HP: 18/24 MP: 4/11
  1331 | D:2      | Reached skill level 4 in Spellcasting
  1360 | D:2      | Killed a black bear
  1361 | D:2      | Reached XP level 5. HP: 23/28 MP: 6/13
  1999 | D:3      | Found a stormy altar of Qazlal.
  2042 | D:3      | Found a hazy altar of Hepliaklqana.
  2044 | D:3      | Found a bloodstained altar of Trog.
  2264 | D:4      | Found a glowing golden altar of the Shining One.
  2337 | D:4      | Reached XP level 6. HP: 32/32 MP: 15/15
  2346 | D:4      | Reached skill level 5 in Spellcasting
  2720 | D:4      | Found Ponaysk's Antique Weapon Boutique.
  2743 | D:4      | Learned a level 3 spell: Teleport Other
  2920 | D:4      | Became a worshipper of Vehumet
  2937 | D:5      | Entered Level 5 of the Dungeon
  2982 | D:5      | Found a shadowy altar of Dithmenos.
  3022 | D:5      | Got the Parchment of the Lumpy Olives
  3206 | D:5      | Reached skill level 6 in Spellcasting
  3206 | D:5      | Reached XP level 7. HP: 36/36 MP: 16/18
  3240 | D:5      | Reached skill level 1 in Translocations
  3738 | D:6      | Reached * piety under Vehumet
  3738 | D:6      | Offered knowledge of Magic Dart by Vehumet.
  3741 | D:6      | Learned a level 1 spell: Magic Dart
  3822 | D:6      | Found a staircase to the Ecumenical Temple.
  4107 | D:6      | Reached XP level 8. HP: 39/41 MP: 16/20
  4116 | D:6      | Reached skill level 7 in Spellcasting
  4129 | D:6      | Found a blossoming altar of Fedhas.
  4396 | D:6      | Noticed Blork the orc
  4401 | D:6      | Killed Blork the orc
  4402 | D:6      | Reached skill level 1 in Conjurations
  4558 | D:6      | Noticed Pikel
  4668 | D:7      | Found a runed translucent door.
  4669 | D:7      | Noticed Crazy Yiuf
  4676 | D:7      | Killed Crazy Yiuf
  4715 | D:7      | Reached skill level 5 in Dodging
  4817 | D:6      | Killed Pikel
  4818 | D:6      | Reached skill level 8 in Spellcasting
  5108 | D:7      | Reached skill level 1 in Throwing
  5149 | D:7      | Noticed Joseph
  5172 | D:7      | Killed Joseph
  5173 | D:7      | Reached XP level 9. HP: 34/45 MP: 3/23
  5334 | D:7      | Reached ** piety under Vehumet
  5335 | D:7      | Reached skill level 9 in Spellcasting
  5433 | D:7      | Offered knowledge of Shock by Vehumet.
  5442 | D:7      | Learned a level 1 spell: Shock
  5447 | D:7      | Noticed Menkaure
  5655 | D:7      | Killed Menkaure
  5709 | D:7      | Reached skill level 1 in Shields
  5891 | D:8      | Noticed a two-headed ogre
  6149 | D:8      | Reached skill level 5 in Short Blades
  6216 | D:7      | Offered knowledge of Momentum Strike by Vehumet.
  6932 | D:8      | Learned a level 2 spell: Momentum Strike
  7008 | D:8      | Reached *** piety under Vehumet
  7041 | D:8      | Found a hide-covered altar of Uskayaw.
  7095 | D:8      | Reached skill level 1 in Air Magic
  7129 | D:8      | Reached skill level 10 in Spellcasting
  7245 | D:8      | Found a transporter.
  7246 | D:8      | Found a transporter.
  7248 | D:8      | Found a transporter.
  7249 | D:8      | Killed a two-headed ogre
  7250 | D:8      | Reached XP level 10. HP: 50/50 MP: 26/26
  7273 | D:8      | Found a transporter.
  7923 | D:9      | Found a flagged portal.
  7930 | D:9      | Offered knowledge of Stone Arrow by Vehumet.
  7967 | Bailey   | Entered a bailey
  8107 | Bailey   | Identified the +2 bardiche of Puhoisos {heavy, rElec
                  | Stlth+}
  8274 | Bailey   | Noticed an orc knight
  8274 | Bailey   | Noticed an orc knight
  8304 | Bailey   | Killed an orc knight
  8305 | Bailey   | Reached skill level 1 in Long Blades
  8635 | Bailey   | Killed an orc knight
  8636 | Bailey   | Reached skill level 11 in Spellcasting
  8757 | D:9      | Learned a level 3 spell: Stone Arrow
  8850 | D:9      | Noticed a two-headed ogre
  8867 | D:9      | Killed a two-headed ogre
  8868 | D:9      | Reached skill level 1 in Fighting
  8868 | D:9      | Reached skill level 10 in Necromancy
  8868 | D:9      | Reached skill level 5 in Translocations
  9032 | D:9      | Found a sparkling altar of Nemelex Xobeh.
  9174 | D:9      | Noticed Harold
  9193 | D:9      | Constricted to death by Harold

Illustrated notes

Levels and vault maps discovered:
D:1:      sevenhm_arrival_forest_fort_small_3, layout_rooms,
          chequers_serial_rivers_room_b, minmay_misc_feat_five
D:2:      layout_loops_ring, dreamdust_ecumenical_altar_angels_and_demons,
          serial_shops, shop
D:3:      layout_basic, grunt_temple_overflow_open, minmay_misc_feat_iff
D:4:      layout_basic, nicolae_overflow_quartered_altars, serial_shops,
          nicolae_diamond_shop
D:5:      layout_loops_ring, lemuel_doored_altar, minmay_misc_feat_rows,
          dreamdust_wishing_well
D:6:      layout_loops_cross, fedhas_altar_fruit_tree,
          minmay_temple_entry_glass, uniq_pikel, uniq_blork_the_orc
D:7:      layout_basic, uniq_menkaure, uniq_joseph, uniq_crazy_yiuf_cottage
D:8:      layout_basic, nicolae_uskayaw_dance_hall, serial_demonic,
          serial_demonic_d, serial_demonic_a, serial_demonic_c,
          serial_demonic_c, nicolae_diode_quadrants
D:9:      layout_irregular_city, kennysheep_little_box, enter_bailey_4,
          minmay_between, uniq_harold

Skill      XL: |  1  2  3  4  5  6  7  8  9 10 |
---------------+-------------------------------+-----
Necromancy     | 5 6 7 8 9 10 | 10.1
Short Blades   | 1 2 4 5 |  5.1
Dodging        | 3 4 5 6 |  6.9
Stealth        | 3 4 |  4.8
Spellcasting   | 4 6 8 10 11 | 11.6
Translocations | 2 3 4 5 |  5.2
Conjurations   | 2 3 4 |  4.3
Throwing       | 1 3 |  3.4
Shields        | 1 2 |  2.6
Air Magic      | 1 2 |  2.6
Long Blades    | 1 |  1.2
Fighting       | 1 |  1.3
Evocations     | |  0.7

Action                     |  1- 3 |  4- 6 |  7- 9 | 10-12 || total
---------------------------+-------+-------+-------+-------++-------
  Melee: Short sword       |    35 |       |       |       ||    35
         Unarmed           |     9 |       |       |       ||     9
         Rapier            |    30 |    69 |   129 |    55 ||   283
         Punch             |       |     1 |     2 |       ||     3
         Scimitar          |       |       |    40 |    26 ||    66
  Throw: Dart              |     3 |    17 |    24 |    23 ||    67
         Throwing net      |       |       |       |     4 ||     4
   Cast: Vampiric Draining |     5 |    17 |    90 |    43 ||   155
         Magic Dart        |       |       |    10 |       ||    10
         Teleport Other    |       |       |     3 |     2 ||     5
         Shock             |       |       |     2 |       ||     2
  Evoke: Wand              |       |       |    17 |     2 ||    19
    Use: Scroll            |     1 |       |     7 |     5 ||    13
         Potion            |       |       |     7 |     1 ||     8
   Stab: Sleeping          |     1 |     6 |     9 |     3 ||    19
         Distracted        |       |       |     1 |       ||     1
         Held in net/web   |       |       |       |     1 ||     1
 Armour: Robe              |    12 |    13 |    55 |       ||    80
         Steam dragon scal |       |       |    15 |    34 ||    49
  Dodge: Dodged            |    42 |    55 |   197 |   114 ||   408
  Block: Buckler           |       |       |    25 |    27 ||    52
